 Dungeon Crawl Stone Soup version 0.31.0-11-ge490571c62 (webtiles) character file.

Game seed: 10962721097438531116

197 Flugkiller the Chiller (level 5, 0/24 HPs)
             Began as a Vine Stalker Ice Elementalist on Feb 2, 2024.
             Was an Initiate of Sif Muna.
             Succumbed to a scorpion's poison
             ... on level 5 of the Dungeon.
             The game lasted 00:03:57 (903 turns).

Flugkiller the Chiller (VSIE)                        Turns: 903, Time: 00:03:57

Health: 0/24       AC:  2    Str: 11    XL:     5   Next: 75%
Magic:  2/12       EV: 12    Int: 17    God:    Sif Muna [......]
Gold:   121        SH:  0    Dex: 14    Spells: 2/12 levels left

rFire   . . .        o - +0 dagger (venom)
rCold   . . .        (no shield)
rNeg    . . .        a - +0 robe
rPois   .            (no helmet)
rElec   .            (no cloak)
rCorr   +            (no gloves)
SInv    .            (no boots)
Will    +....        (no amulet)
Stlth   ++           m - ring of willpower
HPRegen 1.04/turn    e - ring of resist corrosion
MPRegen 0.13/turn

%: guardian spirit
@: lethally poisoned (0 -> -2), freezing walls
A: fangs 2, regeneration 1, magic shield, antimagic bite, no potion heal 2
a: Renounce Religion


You were on level 5 of the Dungeon.
You worshipped Sif Muna.
Sif Muna was noncommittal.
You visited 1 branch of the dungeon, and saw 5 of its levels.

You collected 121 gold pieces.

Inventory:

Hand Weapons
 o - a +0 dagger of venom (weapon)
   (You took it off a kobold on level 3 of the Dungeon)
Armour
 a - a +0 robe (worn)
Jewellery
 e - a ring of resist corrosion (right hand)
   (You found it on level 3 of the Dungeon)
 m - a ring of willpower (left hand)
   (You found it on level 4 of the Dungeon)
Scrolls
 i - a scroll of poison {unknown}
 j - a scroll of vulnerability {unknown}
 n - a scroll of enchant weapon {unknown}
 p - a scroll of immolation {unknown}
 z - a scroll of blinking
Potions
 c - a potion of haste {unknown}
 d - a potion of enlightenment {unknown}
 g - a potion of might {unknown}
 k - a potion of cancellation {unknown}
 l - a potion of curing {unknown}


   Skills:
 - Level 1.5 Dodging
 - Level 2.4 Stealth
 + Level 4.4 Spellcasting
 + Level 5.5 Ice Magic


You had 2 spell levels left.
You knew the following spells:

 Your Spells              Type           Power      Damage    Failure   Level
a - Freeze                Ice            88%        1d9       1%          1
b - Frozen Ramparts       Ice            44%        1d7       4%          3
c - Ozocubu's Armour      Ice            22%        N/A       4%          3
d - Summon Ice Beast      Ice/Summ       13%        N/A       14%         3

Your spell library contained the following spells:

 Spells                   Type           Power      Damage    Failure   Level
 Fugue of the Fallen      Necr           3%         N/A       41%         3
 Manifold Assault         Tloc           3%         N/A       83%         4


Dungeon Overview and Level Annotations

Branches:
Dungeon (5/15) Zot: 26525
 Temple: D:4-7

Altars:
Kikubaaqudgha
Qazlal
Sif Muna
Vehumet
Wu Jian

Shops:
D:1 (


Innate Abilities, Weirdness & Mutations

You have extremely sharp teeth.
Your natural rate of healing is unusually fast.
When hurt, damage is shared between your health and your magic reserves.
Your bite disrupts and absorbs the magic of your enemies.
Potions cannot restore your health.


Message History

Confirm with . or Enter, or press ? or * to list all spells.
The walls around you are covered in ice.
The wall freezes the orc!
You kill the orc!
Sif Muna accepts your kill.
The wall freezes the orc.
You kill the orc!
Sif Muna accepts your kill.
Unknown command.
The frozen ramparts melt away as you move.
Items here: )) [ †.
Found a scroll labelled OTYEKE YSISM.
p - a scroll labelled OTYEKE YSISM The giant cockroach bites you but does no damage.
You hit the giant cockroach. Your bite misses the giant cockroach.
The giant cockroach is moderately wounded.
The giant cockroach closely misses you.
Casting: Frozen Ramparts (quite dangerous; 4% risk of failure)
Confirm with . or Enter, or press ? or * to list all spells.
Aiming: Freeze (safe; 1% risk of failure)
Press: ? - help, Shift-Dir - straight line, f - giant cockroach
Aim: a giant cockroach (moderately wounded)
You freeze the giant cockroach!
You kill the giant cockroach!
Sif Muna accepts your kill.
You see here a giant cockroach corpse.
There is an escape hatch in the ceiling here.
There is a stone staircase leading down here.
You climb downwards.
The scorpion barely misses you. The scorpion stings you.
There is a stone staircase leading up here.
The scorpion attacks as it pursues you! The scorpion stings you.
The ice beast attacks as it pursues you!
The ice beast hits you but does no damage.
The scorpion misses you.
The ice beast attacks as it pursues you!
The ice beast misses you. The scorpion attacks as it pursues you!
The scorpion stings you but does no damage.
The ice beast attacks as it pursues you!
The ice beast closely misses you. The scorpion stings you.
The scorpion stings you!
You are poisoned.
The scorpion poisons you!
You feel very sick.
You feel very sick.
The ice beast attacks as it pursues you!
The ice beast hits you. The ice beast freezes you.
* * * LOW HITPOINT WARNING * * *
You feel sick.
Unknown command.
Okay, then.
Casting: Freeze (safe; 1% risk of failure)
Confirm with . or Enter, or press ? or * to list all spells.
The walls around you are covered in ice.
You feel sick.
The wall freezes the scorpion.
The scorpion completely misses you.
The ice beast completely resists.
The wall freezes the ice beast but does no damage.
Unknown command.
Magic courses through your body.
You feel sick.
The wall freezes the scorpion but does no damage.
The scorpion stings you.
* * * LOW HITPOINT WARNING * * *
The ice beast completely resists.
The wall freezes the ice beast but does no damage.
Unknown command.
Okay, then.
As you read the scroll labelled KEIMANWUSK, it crumbles to dust.
It is a scroll of identify.
h - a scroll of blinking;
z - a scroll of blinking You feel sick.
The wall freezes the scorpion but does no damage.
The scorpion barely misses you.
The ice beast completely resists.
The wall freezes the ice beast but does no damage.
The wall freezes the scorpion but does no damage.
The scorpion stings you.
* * * LOW HITPOINT WARNING * * *
You are lethally poisoned!
The scorpion poisons you!
Unknown command.
Casting: Frozen Ramparts (quite dangerous; 4% risk of failure)
Confirm with . or Enter, or press ? or * to list all spells.
Aiming: Freeze (safe; 1% risk of failure)
Press: ? - help, Shift-Dir - straight line, f - scorpion
Aim: a scorpion (moderately wounded)
You freeze the scorpion!
The scorpion is severely wounded.
* * * LOW HITPOINT WARNING * * *
You feel sick.
The wall freezes the scorpion but does no damage.
The scorpion barely misses you.
The wall freezes the ice beast but does no damage.
Casting: Freeze (safe; 1% risk of failure)
Confirm with . or Enter, or press ? or * to list all spells.
Aiming: Freeze (safe; 1% risk of failure)
Press: ? - help, Shift-Dir - straight line, f/p - scorpion
Aim: a scorpion (severely wounded)
You freeze the scorpion!
You kill the scorpion!
Sif Muna accepts your kill.
You die...

#....#####....
#.<..........#
##..........#
#.........#
##.......#
##.....##
##....#
#....###
##..Y†@#
#.###### ##


You could see an ice beast.

Vanquished Creatures
  A scorpion (D:5)
  A bombardier beetle (D:4)
  A sleepcap (D:4)
  3 orc wizards (D:4)
  3 adders (D:4)
  2 dart slugs (D:4)
  4 orcs (D:4)
  2 endoplasms
  A giant cockroach (D:4)
  A goblin (D:1)
  5 hobgoblins
  3 kobolds
  3 quokkas
  3 ball pythons
  3 frilled lizards
  A rat (D:1)
37 creatures vanquished.

Notes
Turn   | Place    | Note
-------+----------+-------------------------------------------
     0 | D:1      | Flugkiller the Vine Stalker Ice Elementalist began the
                  | quest for the Orb.
     0 | D:1      | Reached XP level 1. HP: 9/9 MP: 4/4
    63 | D:1      | Found Nicegot's Weapon Shop.
    76 | D:1      | Reached XP level 2. HP: 13/13 MP: 1/6
   175 | D:3      | Noticed a phantom
   299 | D:4      | Reached XP level 3. HP: 11/16 MP: 1/8
   369 | D:4      | Reached XP level 4. HP: 21/21 MP: 0/10
   428 | D:5      | Entered Level 5 of the Dungeon
   435 | D:5      | Noticed a scorpion
   435 | D:5      | Noticed an ice beast
   448 | D:4      | Learned a level 3 spell: Frozen Ramparts
   452 | D:4      | Learned a level 3 spell: Ozocubu's Armour
   571 | D:4      | Reached skill level 5 in Ice Magic
   595 | D:4      | Found an ancient bone altar of Kikubaaqudgha.
   599 | D:4      | Reached XP level 5. HP: 24/24 MP: 5/12
   602 | D:4      | Found a radiant altar of Vehumet.
   619 | D:4      | Found a shimmering blue altar of Sif Muna.
   626 | D:4      | Became a worshipper of Sif Muna the Loreminder
   711 | D:3      | Learned a level 3 spell: Summon Ice Beast
   733 | D:3      | Found an ornate altar of the Wu Jian Council.
   737 | D:3      | Found a stormy altar of Qazlal.
   902 | D:5      | HP: 1/24 [poisoned by a scorpion]
   903 | D:5      | Succumbed to a scorpion's poison

Illustrated notes

Levels and vault maps discovered:
D:1:      minmay_arrival_plants_in_alcoves, layout_rooms, serial_shops,
          nicolae_shop_advertising_works [nicolae_subvault_shop_adworks],
          shapermc_ecumenical_altar_venn, amethyst_killhole,
          minmay_shallow_snake_nest
D:2:      minmay_wonky_spiral, layout_basic, uniq_robin
D:3:      layout_rooms, jmf_multi_god_temple2, serial_shops,
          nicolae_shop_crystal, minmay_pentangle, uniq_ijyb
D:4:      layout_loops_ring, palyth_temple_overflow_mages, nicolae_the_louvre,
          uniq_eustachio
D:5:      layout_layer_cave, minmay_temple_entry_overgrown, roderic_lattice_a,
          minivault_5, uniq_menkaure

Skill      XL: |  1  2  3  4 |
---------------+-------------+-----
Spellcasting   | 3 4 |  4.4
Ice Magic      | 5 |  5.5
Dodging        | |  1.5
Stealth        | |  2.4

Action                     |  1- 3 |  4- 6 || total
---------------------------+-------+-------++-------
  Melee: Unarmed           |     6 |       ||     6
         Bite              |     4 |     5 ||     9
         Dagger            |     8 |    22 ||    30
   Cast: Freeze            |    24 |    22 ||    46
         Frozen Ramparts   |       |     4 ||     4
    Use: Scroll            |       |     1 ||     1
         Potion            |       |     1 ||     1
   Stab: Sleeping          |       |     1 ||     1
 Armour: Robe              |    12 |    28 ||    40
  Dodge: Dodged            |    16 |    22 ||    38
